 Dungeon Crawl Stone Soup version 0.23.1-44-gbd83930989 (webtiles) character file.

Game seed: 661594679595364878

48 PentaManta the Ducker (level 3, -6/26 HPs)
             Began as an Octopode Fighter on Mar 30, 2019.
             Mangled by a gnoll
             ... wielding a +0 spear
              (11 damage)
             ... on level 2 of the Dungeon.
             The game lasted 00:01:29 (1502 turns).

PentaManta the Ducker (Octopode Fighter)            Turns: 1502, Time: 00:01:29

Health: -6/26      AC:  1    Str: 15    XL:     3   Next: 72%
Magic:  3/3        EV: 12    Int: 10    God:
Gold:   116        SH:  8    Dex: 12    Spells: 2/2 levels left

rFire    . . .     SeeInvis .   a - +0 long sword
rCold    . . .     Gourm    .   b - +0 shield
rNeg     . . .     Faith    .   (helmet restricted)
rPois    .         Spirit   .   (no amulet)
rElec    .         Reflect  .   (no ring)
rCorr    .         Harm     .   (no ring)
MR       .....                  (no ring)
Stlth    +++.......             (no ring)
HPRegen  0.08/turn              (no ring)
MPRegen  0.08/turn              (no ring)
                                (no ring)
                                (no ring)

@: no status effects
A: almost no armour, stealthy swim, amphibious, 8 rings, constrict 8, camouflage
1, gelatinous body 1
a: no special abilities


You were on level 2 of the Dungeon.
You were near starving.

You visited 1 branch of the dungeon, and saw 2 of its levels.

You collected 116 gold pieces.

Inventory:

Hand Weapons
 a - a +0 long sword (weapon)
Armour
 b - a +0 shield (worn)
Jewellery
 k - a cursed ring of attention {unknown}
Scrolls
 e - 2 scrolls of remove curse {unknown}
 f - 3 scrolls of teleportation {unknown}
 g - a scroll of fog {unknown}
 h - 4 scrolls of identify {unknown}
 j - a scroll of magic mapping {unknown}
Potions
 c - a potion of might
 i - a potion of flight {unknown}
Comestibles
 d - 5 rations


   Skills:
 - Level 3.0 Fighting
 * Level 2.9 Long Blades
 + Level 3.4 Dodging
 * Level 2.8 Stealth
 - Level 3.0 Shields


You had 2 spell levels left.
You didn't know any spells.
Your spell library was empty.

Dungeon Overview and Level Annotations

Branches:
Dungeon (2/15)

Altars:


Innate Abilities, Weirdness & Mutations

You cannot wear most types of armour.
You are very stealthy in the water. (Stealth+)
You are amphibious.
You can wear up to eight rings at the same time.
You can use your tentacles to constrict eight enemies at once.
Your skin changes colour to match your surroundings (Stealth+).
Your rubbery body absorbs attacks. (AC +1, EV +1)


Message History

Your shield prevents you from hitting the gnoll.
The gnoll is lightly wounded.
You constrict the gnoll. You block the gnoll's attack.
You release your grip on the gnoll.
Unknown command.
You barely miss the gnoll. Your grab misses the gnoll.
The gnoll is moderately wounded.
You block the gnoll's attack.
The gnoll hits you from afar with a +0 spear!
The gnoll hits you with a +0 whip.
You hit the gnoll but do no damage. You grab the gnoll. You squeeze the gnoll.
The gnoll is severely wounded.
You constrict the gnoll.
The gnoll hits you from afar with a +0 spear.
* * * LOW HITPOINT WARNING * * *
The gnoll completely misses you.
You riposte.
You hit the gnoll.
You kill the gnoll!
The gnoll closely misses you. The gnoll hits you with a +0 spear!
You die...

#.##.#.# #.
#.##...# #.
#.##.### #.
#.##.######
##
#.##......#
#.........#
####.###..#
#.# #@# #g#
#.###..##
#.......#
#.......#
........#
.#>...<...
##........#
#........


You could see a gnoll.

Vanquished Creatures
  2 adders (D:2)
  A gnoll (D:2)
  A worm (D:2)
  A leopard gecko (D:1)
  A giant cockroach (D:1)
  2 hobgoblins (D:1)
  5 bats (D:1)
  A frilled lizard (D:2)
  4 kobolds
  4 rats
22 creatures vanquished.

Notes
Turn   | Place    | Note
-------+----------+-------------------------------------------
     0 | D:1      | PentaManta the Octopode Fighter began the quest for the
                  | Orb.
     0 | D:1      | Reached XP level 1. HP: 16/16 MP: 1/1
   217 | D:1      | Reached skill level 1 in Stealth
   407 | D:1      | Reached XP level 2. HP: 21/21 MP: 2/2
  1169 | D:2      | Reached XP level 3. HP: 6/26 MP: 3/3
  1502 | D:2      | Mangled by a gnoll

Skill      XL: |  1  2 |
---------------+-------+-----
Stealth        | 1 2 |  2.8
Fighting       | |  3.0
Long Blades    | |  2.9
Dodging        | |  3.4
Shields        | |  3.0

Action                   || total
-------------------------++-------
Melee: Long sword        ||    42
       Tentacles         ||     9
       Constrict         ||     9
 Stab: Sleeping          ||    12
Armor: Skin              ||     4
Dodge: Dodged            ||    12
Block: Shield            ||    19
       Rpst.: Long sword ||     5
